 Dungeon Crawl Stone Soup version 0.25.1-1-g288607f (webtiles) character file.

Game seed: 12538188877800401177

2151 RonnieColeman the Thaumaturge (level 9, -1/62 HPs)
             Began as an Octopode Conjurer on Sept 12, 2020.
             Was an Initiate of Sif Muna.
             Slain by Harold
             ... wielding a cursed -2 dire flail
              (6 damage)
             ... on level 7 of the Dungeon.
             The game lasted 00:13:58 (6566 turns).

RonnieColeman the Thaumaturge (Octopode Conjurer)   Turns: 6566, Time: 00:13:58

Health: -1/62      AC:  1    Str:  7    XL:     9   Next: 31%
Magic:  9/21       EV: 11    Int: 23    God:    Sif Muna [......]
Gold:   312        SH:  0    Dex: 12    Spells: 21/24 levels left

rFire    + . .     SeeInvis .   r - +3 short sword (speed)
rCold    . . .     Gourm    .   (no shield)
rNeg     . . .     Faith    .   (helmet restricted)
rPois    .         Spirit   .   c - amulet of magic regeneration
rElec    .         Reflect  .   l - +4 ring of evasion
rCorr    .         Harm     .   x - ring of protection from fire
MR       ++...                  (no ring)
Stlth    +++.......             (no ring)
HPRegen  0.20/turn              (no ring)
MPRegen  0.42/turn              (no ring)
                                (no ring)
                                (no ring)

@: held
A: almost no armour, stealthy swim, amphibious, 8 rings, constrict 8, camouflage
1, blink, clever 1, magic resistance 2, gelatinous body 1
a: Blink, Renounce Religion


You were on level 7 of the Dungeon.
You worshipped Sif Muna.
Sif Muna was noncommittal.
You were near starving.

You visited 2 branches of the dungeon, and saw 8 of its levels.

You collected 312 gold pieces.

Inventory:

Hand Weapons
 r - a +3 short sword of speed (weapon)
Jewellery
 c - an amulet of magic regeneration (around mantle)
 l - a +4 ring of evasion (left tentacle)
 w - an uncursed amulet of the acrobat
 x - a ring of protection from fire (right tentacle)
Wands
 n - a wand of paralysis (6)
 t - a wand of random effects (27)
 A - a wand of acid (11)
Scrolls
 e - 2 scrolls of remove curse
 f - 2 scrolls of enchant weapon
 g - 4 scrolls of teleportation
 m - a scroll of fear
 s - a scroll of magic mapping
 u - 3 scrolls of enchant armour
 y - a scroll of amnesia
 z - a scroll of torment {unknown}
Potions
 a - 2 potions of haste
 d - 3 potions of flight
 h - a potion of invisibility {unknown}
 i - 2 potions of brilliance
 j - 3 potions of curing
 k - a potion of mutation
 o - a potion of degeneration {unknown}
 p - a potion of berserk rage {unknown}
 q - 3 potions of heal wounds {unknown}
 v - a potion of cancellation
Comestibles
 b - 17 rations


   Skills:
 + Level 5.8 Fighting
 - Level 2.0 Dodging
 - Level 2.6 Stealth
 * Level 8.1 Spellcasting
 + Level 7.2 Conjurations


You had 21 spell levels left.
You knew the following spells:

 Your Spells              Type           Power        Failure   Level  Hunger
a - Magic Dart            Conj           ####         1%          1    None
b - Searing Ray           Conj           #####.       1%          2    None

Your spell library contained the following spells:

 Spells                   Type           Power        Failure   Level  Hunger
 Dazzling Flash           Conj/Hex       ####..       4%          3    None
 Fulminant Prism          Conj/Hex       ####......   16%         4    ###....
 Iskenderun's Mystic Bla  Conj/Tloc      ####....     16%         4    ###....


Dungeon Overview and Level Annotations

Branches:
Dungeon (7/15)             Temple (1/1) D:5

Altars:
Ashenzari
Cheibriados
Dithmenos
Elyvilon
Fedhas
Gozag
Hepliaklqana
Kikubaaqudgha
Makhleb
Nemelex Xobeh
Okawaru
Qazlal
Ru
Sif Muna
Trog
Uskayaw
Vehumet
Wu Jian
Xom
Yredelemnul
The Shining One

Shops:
D:5 [

Annotations:
D:7 Harold


Innate Abilities, Weirdness & Mutations

You cannot wear most types of armour.
You are very stealthy in the water. (Stealth+)
You are amphibious.
You can wear up to eight rings at the same time.
You can use your tentacles to constrict eight enemies at once.
Your skin changes colour to match your surroundings (Stealth+).
Your rubbery body absorbs attacks. (AC +1, EV +1)
You can translocate small distances at will.
Your mind is acute. (Int +2)
You are highly resistant to hostile enchantments. (MR++)


Message History

The searing ray hits Harold.
Harold is severely wounded.
The searing ray misses the orc.
The searing ray misses Harold.
The searing ray hits the orc.
The orc is heavily wounded.
Harold misses you.
The searing ray hits Harold.
Harold is almost dead.
You finish channeling your searing ray.
Harold closely misses you. The orc hits you but does no damage.
Casting: Searing Ray (safe; 1% risk of failure)
Confirm with . or Enter, or press ? or * to list all spells.
Aiming: Searing Ray (safe; 1% risk of failure)
Press: ? - help, Shift-Dir - straight line, f/p - Harold
Aim: Harold, wielding a -2 dire flail, wearing a +0 chain mail and quivering a throwing net (almost dead)
The searing ray hits Harold.
Harold is almost dead. (Press . to maintain the ray.) Harold hits you with a cursed -2 dire flail.
You die...

######.# .......
.....#######
....#...... .
.......... .. .........
... ###@o...# #.# ....
+..@....# #.#..
...|.###.....# #.#..
.............# #.#.####
#######......# #.#....#
#......# #.#....#
###......####.#....#
#.............#....##
#.#......####........
###.##........+........


You could see Harold and an orc.

Vanquished Creatures
  Grinder (D:5)
  Sigmund (D:2)
  Menkaure (D:4)
  3 phantoms
  A sky beast (D:5)
  An ice beast (D:5)
  An ogre (D:6)
  A centaur (D:7)
  Blork the orc (D:5)
  3 bullfrogs (D:6)
  3 scorpions
  2 crimson imps
  A bullfrog zombie (D:6)
  2 hounds
  2 orc wizards
  A bullfrog skeleton (D:6)
  A jelly (D:5)
  An iguana (D:6)
  5 worker ants
  A worker ant zombie (D:3)
  3 gnolls
  7 adders
  A shadow imp (D:5)
  An ooze (D:3)
  2 worms
  4 leopard geckos
  11 orcs
  A ball python (D:1)
  9 bats
  9 giant cockroaches
  11 goblins
  11 hobgoblins
  15 jackals
  2 quokkas (D:6)
  7 frilled lizards
  9 kobolds
  12 rats
148 creatures vanquished.

Notes
Turn   | Place    | Note
-------+----------+-------------------------------------------
     0 | D:1      | RonnieColeman the Octopode Conjurer began the quest for the
                  | Orb.
     0 | D:1      | Reached XP level 1. HP: 11/11 MP: 3/3
   128 | D:1      | Reached XP level 2. HP: 18/18 MP: 5/5
   310 | D:1      | Reached skill level 1 in Fighting
   369 | D:1      | Reached XP level 3. HP: 23/23 MP: 5/7
   924 | D:2      | Reached skill level 3 in Spellcasting
   945 | D:1      | Reached XP level 4. HP: 22/28 MP: 1/8
  1132 | D:2      | Learned a level 2 spell: Searing Ray
  1162 | D:2      | Noticed Sigmund
  1170 | D:2      | Killed Sigmund
  1170 | D:2      | Reached skill level 4 in Spellcasting
  1170 | D:2      | Reached XP level 5. HP: 25/35 MP: 2/11
  1170 | D:2      | Reached XP level 6. HP: 29/41 MP: 2/12
  1335 | D:2      | Reached skill level 5 in Conjurations
  1395 | D:2      | Found a bloodstained altar of Trog.
  1953 | D:2      | Found a blossoming altar of Fedhas.
  3119 | D:3      | Gained mutation: You are resistant to hostile enchantments.
                  | (MR+) [potion of mutation]
  3119 | D:3      | Gained mutation: You can translocate small distances at
                  | will. [potion of mutation]
  3119 | D:3      | Gained mutation: You are highly resistant to hostile
                  | enchantments. (MR++) [potion of mutation]
  3119 | D:3      | Gained mutation: Your mind is acute. (Int +2) [potion of
                  | mutation]
  3158 | D:4      | Noticed a phantom
  3176 | D:4      | Killed a phantom
  3176 | D:4      | Reached XP level 7. HP: 41/46 MP: 0/14
  3246 | D:4      | Reached skill level 5 in Spellcasting
  3647 | D:4      | Noticed Menkaure
  3764 | D:4      | Killed Menkaure
  3858 | D:4      | Found an ornate altar of the Wu Jian Council.
  4251 | D:5      | Entered Level 5 of the Dungeon
  4251 | D:5      | Noticed Blork the orc
  4256 | D:5      | Killed Blork the orc
  4256 | D:5      | Reached skill level 6 in Spellcasting
  4256 | D:5      | Reached XP level 8. HP: 39/54 MP: 9/17
  4400 | D:5      | Found Jotrac's Antique Armour Shop.
  4634 | D:5      | Found a hide-covered altar of Uskayaw.
  4667 | D:5      | Noticed Grinder
  4674 | D:5      | Killed Grinder
  4674 | D:5      | Reached skill level 5 in Fighting
  4674 | D:5      | Reached skill level 7 in Spellcasting
  5059 | D:5      | Found a staircase to the Ecumenical Temple.
  5111 | Temple   | Entered the Ecumenical Temple
  5221 | Temple   | Became a worshipper of Sif Muna the Loreminder
  5624 | D:6      | Reached XP level 9. HP: 61/61 MP: 10/20
  5792 | D:6      | Found an opulent altar of Gozag.
  6263 | D:6      | Found a sparkling altar of Nemelex Xobeh.
  6328 | D:6      | Reached skill level 8 in Spellcasting
  6525 | D:7      | Noticed a two-headed ogre
  6550 | D:7      | Noticed Harold
  6566 | D:7      | Slain by Harold

Illustrated notes

Levels and vault maps discovered:
D:1:      minmay_arrival_open_corners, layout_basic
D:2:      layout_basic, fedhas_altar_2, bloody_trog, uniq_sigmund
D:3:      layout_loops_corners, minmay_circle_x
D:4:      layout_loops_ring, old_standard_altar, first_ration, uniq_menkaure
D:5:      layout_cave_pools, eat_drink_and_be_merry_uskayaw,
          minmay_temple_entry_poolview, serial_shops, shop,
          kennysheep_generic_room_11, uniq_grinder, uniq_blork_the_orc
D:6:      layout_basic, lemuel_crystal_altar, lemuel_crystal_altar,
          serial_rivers, chequers_serial_rivers_marsh,
          chequers_serial_rivers_micro_d, chequers_serial_rivers_large_b,
          chequers_serial_rivers_small_b
D:7:      layout_basic, uniq_harold
Temple:   regret_index_temple_sphere_string

Skill      XL: |  1  2  3  4  5  6  7  8  9 |
---------------+----------------------------+-----
Fighting       | 1 2 3 4 5 |  5.8
Spellcasting   | 3 4 6 7 8 |  8.1
Conjurations   | 5 6 7 |  7.2
Dodging        | |  2.0
Stealth        | |  2.6

Action                   |  1- 3 |  4- 6 |  7- 9 || total
-------------------------+-------+-------+-------++-------
Melee: Unarmed           |    22 |       |       ||    22
       Constrict         |    11 |    15 |     6 ||    32
       Tentacles         |     5 |     9 |     6 ||    20
       Short sword       |    15 |    53 |    24 ||    92
       Mace              |       |     9 |     6 ||    15
 Cast: Magic Dart        |    55 |    23 |     9 ||    87
       Searing Ray       |       |    21 |    49 ||    70
  Use: Scroll            |       |    10 |     7 ||    17
       Potion            |       |     2 |       ||     2
 Stab: Sleeping          |     3 |     7 |     7 ||    17
  Eat: Chunk             |       |     7 |     9 ||    16
Armor: Skin              |     4 |     6 |     3 ||    13
Dodge: Dodged            |    48 |    55 |    43 ||   146
